 Dungeon Crawl Stone Soup version 0.16.1-51-g6203257 (webtiles) character file.

324 kae the Firebug (level 6, -1/35 HPs)
             Began as a Tengu Fire Elementalist on July 3, 2015.
             Killed from afar by Crazy Yiuf (3 damage)
             ... with a wand of magic darts
             ... on level 3 of the Dungeon.
             The game lasted 00:05:44 (3888 turns).

kae the Firebug (Tengu Fire Elementalist)           Turns: 3888, Time: 00:05:44

Health: -1/35      AC:  2    Str:  7    XL:     6   Next: 48%
Magic:  21/23      EV: 13    Int: 17    God:
Gold:   106        SH:  0    Dex: 16    Spells: 3 memorised, 5 levels left

rFire  + . .     SeeInvis .     a - +1 dagger (elec)
rCold  . . .     Clarity  .     d - +0 robe
rNeg   + . .     SustAb   .     (no shield)
rPois  .         Gourm    .     (helmet restricted)
rElec  .         Spirit   .     (no cloak)
rCorr  .         Warding  +     (no gloves)
rMut   .         Stasis   .     (boots unavailable)
MR     .....                    l - amulet of warding
Stlth  ++........               h - ring of protection from fire
                                g - ring of magical power

@: not resistant to hostile enchantments, unstealthy
A: able to fly, beak, talons 3, agile 1, robust 1, weak 1
a: Fly


You were on level 3 of the Dungeon.
You were not hungry.

You visited 1 branch of the dungeon, and saw 3 of its levels.

You collected 106 gold pieces.

Inventory:

Hand weapons
 a - a +1 dagger of electrocution (weapon)
 b - a +0 spear
Armour
 d - a +0 robe (worn)
Jewellery
 g - a ring of magical power (left hand)
 h - a ring of protection from fire (right hand)
 l - an amulet of warding (around neck)
Magical devices
 v - a wand of polymorph (7)
Scrolls
 j - 5 scrolls of identify
 n - a scroll of teleportation {unknown}
 o - a scroll of amnesia {unknown}
 q - a scroll of remove curse {unknown}
 u - a scroll of noise {unknown}
 x - a scroll of fog {unknown}
Potions
 e - a potion of poison
 f - a potion of haste
 i - a potion of heal wounds {unknown}
 r - a potion of might {unknown}
 s - a potion of flight {unknown}
 t - a potion of curing
Books
 m - a book of Flames

   Spells                             Type                      Level
   a - Flame Tongue                   Conjuration/Fire             1
   b - Throw Flame                    Conjuration/Fire             2
   c - Conjure Flame                  Conjuration/Fire             3
   d - Inner Flame                    Hexes/Fire                   3
   e - Sticky Flame                   Conjuration/Fire             4
   f - Fireball                       Conjuration/Fire             5
Comestibles
 c - 3 bread rations
 k - 2 beef jerkies
 p - a royal jelly


   Skills:
 - Level 2.1 Dodging
 - Level 2.0 Stealth
 + Level 3.0 Spellcasting
 * Level 5.5 Conjurations
 * Level 5.5 Fire Magic


You had 5 spell levels left.
You knew the following spells:

 Your Spells              Type           Power        Failure   Level  Hunger
a - Flame Tongue          Conj/Fire      ###..        1%          1    None
b - Throw Flame           Conj/Fire      ###...       2%          2    ##.....
c - Conjure Flame         Conj/Fire      ###.....     8%          3    ###....


Dungeon Overview and Level Annotations

Branches:
Dungeon (3/15)

Altars:

Annotations:
D:3 Crazy Yiuf


Innate Abilities, Weirdness & Mutations

You can fly.
You have a beak for a mouth.
You have claws for feet.
You are agile. (Dex +2)
You are robust (+10% HP).
You are weak. (Str -2)


Message History

Crazy Yiuf zaps a wand.
The magic dart hits you!
Crazy Yiuf is nearby!
Crazy Yiuf is nearby!
Crazy Yiuf is nearby!
Casting: Flame Tongue
Confirm with . or Enter, or press ? or * to list all spells.
You can't see any susceptible monsters within range! (Use Z to cast anyway.)
You start resting.
Casting: Flame Tongue
Confirm with . or Enter, or press ? or * to list all spells.
Aiming: Conjure Flame
Press: ? - help, Dir - move target cursor The fire roars!
Crazy Yiuf zaps a wand.
The magic dart hits you!
Crazy Yiuf zaps a wand.
The magic dart hits you!
* * * LOW HITPOINT WARNING * * *
Crazy Yiuf zaps a wand.
The magic dart hits you!
* * * LOW HITPOINT WARNING * * *
Crazy Yiuf zaps a wand.
The magic dart hits you!
You die...

##### #.(.# ♣♣.♣
#......##.# #...# ♣g♣♣
#......##.. #...# ♣♣§♣♣
#......##.. ##### ♣...♣♣
#########.. ♣....♣ #..
##..## ####.. #....#
#).... ##...#
#######.##..
#####@.####......)##..
#.....)...#..........#
#......)..#.....#....#
####.÷.......#....)#.....
#............####......##
#............##....##..##
#......................##
#.............#.####.....
#............)#......<##.


You could see Crazy Yiuf.

Vanquished Creatures
  The ghost of SaintRoka the Cudgeler, an average OgGl (D:3)
  Jessica (D:3)
  Terence (D:3)
  4 gnolls (D:2)
  6 adders
  3 worms
  7 giant geckos
  7 orcs (D:3)
  A ball python (D:3)
  8 bats
  2 giant cockroaches
  7 goblins
  10 hobgoblins
  2 quokkas (D:3)
  8 giant newts
  8 kobolds
  7 rats
83 creatures vanquished.

Notes
Turn   | Place    | Note
--------------------------------------------------------------
     0 | D:1      | kae, the Tengu Fire Elementalist, began the quest for the Orb.
     0 | D:1      | Reached XP level 1. HP: 10/10 MP: 3/3
   118 | D:1      | Reached XP level 2. HP: 7/15 MP: 5/5
   690 | D:1      | Reached skill level 4 in Fire Magic
   707 | D:1      | Reached XP level 3. HP: 15/19 MP: 7/7
  1168 | D:2      | Gained mutation: You are robust (+10% HP). [potion of mutation]
  1168 | D:2      | Gained mutation: You are agile. (Dex +2) [potion of mutation]
  1168 | D:2      | Gained mutation: You are weak. (Str -2) [potion of mutation]
  1432 | D:2      | Reached XP level 4. HP: 7/26 MP: 1/8
  2267 | D:2      | Reached XP level 5. HP: 30/30 MP: 11/11
  2416 | D:3      | Noticed Terence
  2503 | D:2      | Learned a level 2 spell: Throw Flame
  2507 | D:2      | Learned a level 3 spell: Conjure Flame
  2533 | D:3      | Noticed SaintRoka's ghost (average OgGl)
  2987 | D:3      | Noticed Jessica
  3005 | D:3      | Killed Jessica
  3005 | D:3      | Reached skill level 5 in Fire Magic
  3306 | D:3      | Killed SaintRoka's ghost
  3306 | D:3      | Reached skill level 5 in Conjurations
  3306 | D:3      | Reached XP level 6. HP: 26/35 MP: 13/13
  3540 | D:3      | Killed Terence
  3871 | D:3      | Noticed Crazy Yiuf
  3888 | D:3      | Killed from afar by Crazy Yiuf

Action                   |  1- 3 |  4- 6 || total
-------------------------+-------+-------++-------
Melee: Dagger            |    75 |    61 ||   136
 Cast: Flame Tongue      |    17 |    86 ||   103
       Throw Flame       |       |    12 ||    12
       Conjure Flame     |       |     3 ||     3
  Use: Potion            |     4 |       ||     4
       Scroll            |       |     1 ||     1
 Stab: Sleeping          |     5 |     1 ||     6
       Distracted        |     1 |     1 ||     2
  Eat: Chunk             |     2 |     9 ||    11
